 Dungeon Crawl Stone Soup version 0.31-a0-278-g485e682e34 (webtiles) character file.

Game seed: 5728006465004125232

406579 Morbidden the Wrestler (level 22, -5/300 HPs)
             Began as a Troll Berserker on July 13, 2023.
             Was a High Priest of Trog.
             Killed by Lee's Rapid Deconstruction
             ... invoked by a deep troll earth mage
              (29 damage)
             ... on level 3 of the Depths on July 16, 2023.
             The game lasted 01:28:21 (39647 turns).

Morbidden the Wrestler (Troll Berserker)           Turns: 39647, Time: 01:28:24

Health: -5/300     AC: 38    Str: 47    XL:     22   Next: 38%
Magic:  0/21       EV: 17    Int:  3    God:    Trog [*****.]
Gold:   2709       SH: 35    Dex:  8    Spells: 21/21 levels left

rFire   . .          .
                       - Unarmed
rCold   . . .        p - +10 tower shield of Ignorance {rN+ Int-4}
rNeg    + + .        A - melded +0 swamp dragon scales
rPois   ∞            N - +2 hat of the Moon {+Blink Will- Str+3 SInv}
rElec   +            i - +2 cloak {Will+}
rCorr   .            (gloves unavailable)
SInv    +            (boots unavailable)
Will    +++..        W - brooch of Shielding {Spirit SH+8}
Stlth   ++           u - +5 ring of evasion
HPRegen 2.50/turn    T - +6 ring of strength
MPRegen 0.17/turn

%: guardian spirit
@: statue-form, strong-willed, on berserk cooldown, regenerating, slowed, very
slow
A: slow and powerful, torment resistance 1, boosted hp, large, unfitting armour,
claws 3, regeneration 1, (shaggy fur 1), (tough skin 1), (iridescent scales 1),
clever 1
}: 2/15 runes: serpentine, barnacled
a: Begin Untransformation, Renounce Religion, Evoke Blink, Berserk, Trog's Hand,
Brothers in Arms


You were on level 3 of the Depths.
You worshipped Trog.
Trog was extremely pleased with you.
You were a living statue of rough stone.
You visited 8 branches of the dungeon, and saw 40 of its levels.
You visited the Abyss 1 time.
You also visited: Sewer, Gauntlet and Ice Cave.

You collected 5300 gold pieces.
You spent 2591 gold pieces at shops.

Inventory:

Missiles
 a - 9 javelins
 f - 10 silver javelins
 t - 24 boomerangs
 J - 73 large rocks (quivered)
 Y - 9 curare-tipped darts
Armour
 i - a +2 cloak of willpower (worn)
 p - the +10 tower shield of Ignorance (worn) {rN+ Int-4}
   (You found it on level 11 of the Dungeon)

   Int:       It affects your intelligence (-4).
   rN:        It protects you from negative energy.
 A - +0 swamp dragon scales (melded)
 F - a +2 cloak of cold resistance
 N - the +2 hat of the Moon (worn) {+Blink Will- Str+3 SInv}
   (You found it on level 2 of the Lair of Beasts)

   Str:       It affects your strength (+3).
   SInv:      It lets you see invisible.
   +Blink:    It lets you blink.
   Will:      It decreases your willpower.
Jewellery
 b - the ring "Roguydoj" {Fly rF+ Dex+3 Stlth+}
   (You found it on level 15 of the Dungeon)

   [ring of flight]

   Dex:       It affects your dexterity (+3).
   rF:        It protects you from fire.
   Fly:       It grants you flight.
   Stlth:     It makes you more stealthy.
 u - a +5 ring of evasion (left claw)
 E - the amulet "Ziukk" {RegenMP rElec rF+}
   (You found it on level 3 of the Elven Halls)

   [amulet of magic regeneration]

   It increases your rate of magic regeneration.
   rF:        It protects you from fire.
   rElec:     It insulates you from electricity.
 P - the ring "Xoug" {Contam rElec rC+++ MP+9}
   (You found it on level 3 of the Elven Halls)

   [ring of magical power]

   rC:        It renders you almost immune to cold.
   rElec:     It insulates you from electricity.
   MP:        It affects your magic capacity (+9).
   Contam:    It causes magical contamination when unequipped.
 T - a +6 ring of strength (right claw)
 W - the brooch of Shielding (around neck) {Spirit SH+8}
   (You found it on level 3 of the Depths)

   [amulet of guardian spirit]

   It causes incoming damage to be divided between your reserves of health and
   magic.
   SH:        It affects your SH (+8).
Talismans
 e - a dragon-blood talisman
 y - a maw talisman
 K - a storm talisman
 X - a granite talisman
Wands
 r - a wand of paralysis (26)
 B - a wand of iceblast (20)
 L - a wand of digging (15)
 R - a wand of mindburst (9)
 S - a wand of quicksilver (28)
Scrolls
 c - 10 scrolls of fog
 g - 4 scrolls of immolation
 m - 8 scrolls of enchant weapon
 q - 17 scrolls of teleportation
 w - 5 scrolls of fear
 C - 2 scrolls of summoning
 H - 5 scrolls of revelation
 O - 6 scrolls of poison
 V - 2 scrolls of silence
 Z - 3 scrolls of blinking
Potions
 d - 9 potions of haste
 h - 6 potions of mutation
 k - 2 potions of resistance
 l - 7 potions of magic
 n - 3 potions of heal wounds
 o - 8 potions of might
 v - 4 potions of cancellation
 z - 2 potions of invisibility
 G - 2 potions of berserk rage
 I - 2 potions of enlightenment
 Q - 9 potions of curing
 U - a potion of ambrosia
Miscellaneous
 j - a piece from Xom's chessboard (15/15)
 s - a phantom mirror
 x - a lightning rod (4/4)
 D - a condenser vane
 M - a sack of spiders


   Skills:
 * Level 16.2 Fighting
 * Level 10.2 Throwing
 + Level 6.4 Armour
 + Level 12.9 Dodging
 + Level 3.9 Stealth
 + Level 15.7 Shields
 + Level 24.2 Unarmed Combat
 + Level 6.6 Evocations
 * Level 16.9 Shapeshifting


You had 21 spell levels left.
You didn't know any spells.
Your spell library was empty.

Dungeon Overview and Level Annotations

Branches:
Dungeon (15/15)            Temple (0/1) D:4            Lair (5/5) D:11
 Shoals (4/4) Lair:3        Snake (4/4) Lair:3        Slime (0/5) Lair:5
    Orc (2/2) D:11            Elf (3/3) Orc:2        Vaults (4/5) D:14
  Crypt (0/3) Vaults:3     Depths (3/4) D:15          Sewer (visited)
  IceCv (visited)         Gauntlet (visited)

Altars:
Gozag
Nemelex Xobeh
Jiyva

Shops:
D:4 !   D:6 [   Orc:2 **[(   Elf:2 [   Shoals:3 [![   Snake:1 :(=   Snake:3 *
Snake:4 *   Vaults:3 ?

Portals:
Hell: Depths:1 Depths:2 Depths:3
Abyss: Depths:2
Pandemonium: Depths:2
Ziggurat: Depths:1
Trove: D:13 (give 16 scrolls of teleportation)

Annotations:
D:7 1 runed translucent door, Nattfarinn's ghost, novice DsVM
D:11 1 runed translucent door, exclusion: 3 orange crystal statues
D:12 3 runed translucent doors, Jeileon's ghost, journeyman TrSh
D:15 3 runed translucent doors, Wuim's ghost, adept OgEE
Snake:3 3 runed translucent doors, exclusion: obsidian statue, fly's ghost, adept DgDe
Elf:2 3 runed translucent doors


Innate Abilities, Weirdness & Mutations

You are a living statue of rough stone.
Your actions are slow, but your melee attacks are powerful.
You are resistant to unholy torment.
Your maximum health is greatly increased.
Your equipment is partially melded.
You are too large for most types of armour.
You are immune to poison.
You have claws for hands.
Your natural rate of healing is unusually fast.
((You are covered in fur. (AC +1)))
((You have tough skin. (AC +1)))
((You are partially covered in iridescent scales. (AC +2)))
Your mind is acute. (Int +4, Str/Dex -1)


Message History

The spark wasp stings you.
* * * LOW HITPOINT WARNING * * *
The spark wasp shocks you. You resist.
* * * LOW HITPOINT WARNING * * *
A deep troll shaman comes into view.
The golden dragon breathes cold at you. The bolt of cold hits you!
* * * LOW HITPOINT WARNING * * *
The spark wasp stings you but does no damage.
You hear a shout!
Unknown command.
Unknown command.
Okay, then.
Unknown command.
Unknown command.
You mangle the golden dragon!!
The golden dragon is almost dead.
You block the spark wasp's attack.
The deep troll shaman calls upon its god to speed up something.
The golden dragon breathes cold at you. The bolt of cold hits you!!!
* * * LOW HITPOINT WARNING * * *
You block the spark wasp's attack.
Unknown command.
Unknown command.
Unknown command.
Unknown command.
Blink to where?
Press: ? - help, Dir - move target
As you read the scroll of blinking, it crumbles to dust.
Unknown command.
Unknown command.
Blink to where?
Press: ? - help, Dir - move target
As you read the scroll of blinking, it crumbles to dust.
Some rock shatters into small pieces.
A deep troll earth mage comes into view.
The deep troll earth mage casts a spell at you.
You shatter!!
You die...

♣T♣ ♣..# #......#=. #♣.♣#
#♣... #......###
♣♣♣...♣♣♣.T# #.........
...♣....(...##### ##
#.........
♣))...........###.#
###+#####'
#.T.###♣..........#
........ #♣y.#
♣.#........#.# #######.
#♣D.# #♣.+........#.# #[
♣♣♣...♣♣♣.......8...#.# #.
...........#........#.# #.
##..##..####........#.# ##
#.......§..........#.#
#...######.......).#.######
#..# ##........'......# ##+
#+#......#.####.# ##
##'##########.#####. #.#
##...#.#...##


You could see a deep troll earth mage.

Vanquished Creatures
  2 dread liches
  A juggernaut (Depths:2)
  Josephina (Depths:3)
  Bai Suzhen (Shoals:4)
  3 caustic shrikes (Depths:2)
  the Enchantress (Depths:3)
  Mlioglotl (Snake:1)
  2 walking earthen tomes (Depths:3)
  A walking divine tome (Depths:2)
  3 tentacled monstrosities
  2 titans (Vaults:4)
  The ghost of Arghirug the Severer, an adept HOFi of Beogh (Vaults:1)
  5 deep elf blademasters (Elf:3)
  5 deep elf master archers (Elf:3)
  A kraken (Shoals:4)
  2 ancient champions
  A sphinx (Depths:2)
  Polyphemus (Shoals:3)
  A tentacled starspawn (Abyss:2)
  A shadow dragon (Depths:2)
  3 tengu reavers
  2 storm dragons
  Donald (Shoals:2)
  Roxanne (Shoals:4)
  Aizul (Snake:2)
  Ilsuiw (Shoals:2)
  7 frost giants
  7 nagarajas (Snake:4)
  9 fire giants
  An iron dragon (Depths:2)
  A balrug (Depths:1)
  6 deep elf sorcerers (Elf:3)
  12 vault wardens
  Louise (Elf:1)
  3 orc warlords
  A deep elf elementalist (Elf:3)
  2 spriggan defenders (Depths:3)
  5 stone giants
  A very ugly thing (Vaults:4)
  21 ironbound preservers
  A war gargoyle (Vaults:4)
  A draconian shifter (Abyss:2)
  13 ironbound thunderhulks
  3 deep elf demonologists
  18 dire elephants
  A vampire knight (Depths:2)
  A lorocyproca (Depths:2)
  4 deep elf annihilators (Elf:3)
  A minotaur (Gauntlet)
  A spark wasp (Depths:3)
  2 deep elf death magi (Elf:3)
  8 ettins
  3 jiangshi (Depths:3)
  A blizzard demon (Depths:1)
  A crystal guardian (Vaults:4)
  2 entropy weavers (Vaults:1)
  10 merfolk impalers
  2 great orbs of eyes (Vaults:3)
  A deep elf high priest (Elf:3)
  4 merfolk javelineers
  A caustic shrike simulacrum (Depths:3)
  9 yaktaur captains
  5 fire dragons
  9 vault guards
  A hell beast (Depths:1)
  23 centaur warriors
  4 ice dragons
  A salamander tyrant (Snake:4)
  2 hydras (D:14)
  A peacekeeper (Vaults:4)
  2 merfolk avatars (Shoals:4)
  A spriggan skeleton (Depths:2)
  4 catoblepae
  A death knight (Vaults:3)
  3 spriggan air magi
  7 anacondas
  2 deep troll shamans
  5 merfolk aquamancers
  4 ironbound frosthearts
  A satyr (Shoals:3)
  5 boulder beetles
  2 tengu warriors (D:15)
  3 alligator snapping turtles
  18 dancing weapons
  An alligator (Shoals:1)
  18 death yaks
  15 naga warriors
  3 two-headed ogres
  2 deep troll earth magi
  A thrashing horror (Abyss:2)
  A shock serpent (shapeshifter) (Vaults:3)
  A vampire mage (Depths:3)
  2 orc high priests
  7 naga sharpshooters
  A titan skeleton (Depths:2)
  A hell knight (Vaults:2)
  7 deep elf knights
  A spriggan berserker (Depths:2)
  4 shock serpents
  3 sun demons
  An iron troll (Depths:1)
  A wretched star (Abyss:2)
  8 skysharks
  A quicksilver dragon simulacrum (Depths:3)
  A skeletal warrior (Vaults:3)
  Amaemon (D:8)
  A sixfirhy (Depths:2)
  3 glowing orange brains
  A salamander mystic (Snake:1)
  9 sea snakes
  4 naga ritualists
  A flayed ghost (Depths:2)
  14 ironbound convokers
  A sea snake (shapeshifter) (Vaults:2)
  2 orange crystal statues
  45 deep trolls
  10 deep elf archers
  A spriggan simulacrum (Depths:1)
  4 wizards
  6 mana vipers
  5 harpies (Shoals:1)
  4 necromancers
  12 lindwurms
  27 deep elf pyromancers
  10 orc knights
  17 deep elf zephyrmancers
  A manticore (shapeshifter) (D:15)
  2 orc sorcerers (Orc:2)
  14 ugly things
  11 manticores
  8 salamanders
  14 fauns
  A worldbinder (Gauntlet)
  28 elephants
  6 cyclopes
  17 vault sentinels
  40 black mambas
  Maurice (D:11)
  2 fire giant skeletons
  11 merfolk sirens
  An ice statue (IceCv)
  3 guardian serpents
  A stone giant skeleton (Depths:1)
  2 smoke demons (Abyss:2)
  6 water nymphs
  15 cane toads
  16 naga magi
  An orange demon (D:8)
  A gargoyle (D:12)
  An unseen horror (D:12)
  32 yaktaurs
  An efreet (D:15)
  Maggie (D:7)
  A human zombie (Vaults:3)
  4 rime drakes (IceCv)
  9 komodo dragons
  2 ice devils (D:11)
  A red devil (Depths:2)
  23 merfolk
  8 trolls
  5 wind drakes
  3 tengu simulacra
  2 wind drakes (shapeshifter)
  A human skeleton (Vaults:3)
  A hornet (D:8)
  8 polar bears
  A hornet (shapeshifter) (D:14)
  A raiju (Gauntlet)
  3 blink frogs (Lair:2)
  19 dream sheep
  Grinder (D:5)
  A sphinx simulacrum (Depths:1)
  9 snapping turtles
  4 small abominations (Abyss:2)
  16 slime creatures
  4 flying skulls (Abyss:2)
  6 spriggans (D:8)
  An air elemental (Elf:2)
  5 wraiths
  3 wyverns
  A ynoxinul (Depths:2)
  12 water elementals
  4 fire elementals
  4 humans (D:6)
  3 basilisks
  51 yaks
  A vampire (D:12)
  5 chaos spawn
  An elf simulacrum (Vaults:3)
  5 steam dragons
  4 redbacks (Vaults:1)
  2 neqoxecs (Gauntlet)
  A glowing shapeshifter zombie (Vaults:3)
  28 nagas
  2 acid dragons
  7 vampire mosquitoes
  Menkaure (D:5)
  3 wargs
  14 water moccasins
  Pargi (Sewer)
  39 orc warriors
  5 ice beasts
  8 black bears
  5 ogres
  4 centaurs
  3 boggarts (Gauntlet)
  14 wolves
  A phantom (D:7)
  3 gnoll sergeants
  3 earth elementals
  A glowing shapeshifter simulacrum (Depths:2)
  22 bullfrogs
  3 scorpions
  5 wights
  17 killer bees (D:9)
  8 howler monkeys
  An electric eel (D:11)
  3 hounds
  5 jellies
  A quasit (Abyss:2)
  27 orc priests
  Crazy Yiuf (D:4)
  Natasha (thrice) (D:3)
  4 iguanas
  30 orc wizards
  Robin (D:4)
  9 gnolls
  11 adders
  3 worms
  A dart slug (D:3)
  83 orcs
  4 bats
  5 endoplasms
  7 giant cockroaches
  13 goblins
  7 hobgoblins
  8 jackals
  6 quokkas
  12 ball pythons
  10 frilled lizards
  11 kobolds
  6 rats
  5 tentacles (Shoals:4)
1519 creatures vanquished.

Vanquished Creatures (collateral kills)
  A nagaraja (Snake:4)
  A vault warden (Vaults:1)
  A spriggan defender (Depths:3)
  A dire elephant (Vaults:1)
  Nessos (Orc:2)
  An ettin (Depths:1)
  A yaktaur captain (Vaults:4)
  A salamander tyrant (Snake:1)
  2 hydras
  A merfolk avatar (Shoals:1)
  A dancing weapon (Elf:2)
  2 naga warriors
  2 alligator snapping turtles (Shoals:1)
  6 death yaks
  An orc high priest (Orc:2)
  A spriggan (Depths:3)
  4 salamander mystics
  2 naga ritualists
  2 sea snakes
  A deep troll (Vaults:2)
  A deep elf zephyrmancer (Elf:2)
  A deep elf pyromancer (Elf:2)
  4 salamanders (Snake:1)
  A manticore (Shoals:2)
  3 black mambas (Snake:1)
  4 naga magi (Snake:1)
  A water nymph (Shoals:3)
  A rime drake (IceCv)
  2 yaktaurs
  A polar bear (IceCv)
  A merfolk (Shoals:1)
  A hornet (Depths:3)
  A dream sheep (Lair:4)
  3 yaks (IceCv)
  A warg (Orc:2)
  5 nagas
  A water moccasin (Lair:2)
  5 orc warriors (Orc:2)
  A wolf (IceCv)
  5 orcs (Orc:2)
76 creatures vanquished.

Vanquished Creatures (others)
  A deep elf annihilator (Elf:3)
  A spriggan berserker (Depths:3)
  A deep elf knight (Elf:1)
  A deep elf zephyrmancer (Elf:2)
  2 deep elf pyromancers (Elf:1)
  A black mamba (Snake:1)
  An orc wizard (Orc:2)
  4 starspawn tentacles (Abyss:2)
  5 tentacles (Shoals:4)
17 creatures vanquished.

Grand Total: 1612 creatures vanquished

Notes
Turn   | Place    | Note
-------+----------+-------------------------------------------
     0 | D:1      | Morbidden the Troll Berserker began the quest for the Orb.
     0 | D:1      | Reached XP level 1. HP: 22/22 MP: 0/0
    45 | D:1      | Reached XP level 2. HP: 28/29 MP: 1/1
   949 | D:2      | Reached XP level 3. HP: 36/36 MP: 2/2
   973 | D:2      | Reached ** piety under Trog
  1160 | D:2      | Reached skill level 4 in Unarmed Combat
  1406 | D:3      | Reached XP level 4. HP: 44/44 MP: 3/3
  1639 | D:3      | Noticed Natasha
  1642 | D:3      | Killed Natasha
  1954 | D:3      | Noticed Natasha
  1961 | D:3      | Killed Natasha
  1962 | D:3      | Reached XP level 5. HP: 18/52 MP: 4/4
  2043 | D:3      | Noticed Natasha
  2052 | D:3      | Killed Natasha
  2431 | D:4      | Reached skill level 5 in Unarmed Combat
  2474 | D:4      | Found a glowing drain.
  2487 | D:4      | Reached *** piety under Trog
  2494 | Sewer    | Entered a sewer
  2587 | Sewer    | Noticed Pargi
  2599 | Sewer    | Killed Pargi
  2600 | Sewer    | Reached XP level 6. HP: 38/61 MP: 5/5
  2935 | D:4      | Gained mutation: Your mind is acute. (Int +4, Str/Dex -1)
                  | [potion of mutation]
  2935 | D:4      | Gained mutation: You are partially covered in iridescent
                  | scales. (AC +2) [potion of mutation]
  2950 | D:4      | Reached skill level 6 in Unarmed Combat
  2963 | D:4      | Found a staircase to the Ecumenical Temple.
  3219 | D:4      | Noticed Robin
  3240 | D:4      | Killed Robin
  3363 | D:4      | Found Jiherate's Distillery.
  3372 | D:4      | Bought a potion of heal wounds for 65 gold pieces
  3372 | D:4      | Bought a potion of heal wounds for 65 gold pieces
  3372 | D:4      | Bought a potion of might for 52 gold pieces
  3428 | D:4      | Reached XP level 7. HP: 67/67 MP: 6/6
  3587 | D:4      | Found a runed translucent door.
  3588 | D:4      | Noticed Crazy Yiuf
  3621 | D:4      | Killed Crazy Yiuf
  3650 | D:5      | Entered Level 5 of the Dungeon
  3715 | D:5      | Noticed Grinder
  3715 | D:5      | Paralysed by Grinder for 2 turns
  3726 | D:5      | Killed Grinder
  3727 | D:5      | Reached skill level 7 in Unarmed Combat
  3778 | D:5      | Reached **** piety under Trog
  4030 | D:5      | Reached skill level 1 in Shapeshifting
  4039 | D:5      | Reached XP level 8. HP: 75/75 MP: 7/7
  4084 | D:5      | Noticed Menkaure
  4086 | D:5      | Killed Menkaure
  4087 | D:5      | Reached skill level 8 in Unarmed Combat
  4553 | D:6      | Reached skill level 1 in Throwing
  4553 | D:6      | Reached skill level 5 in Dodging
  4825 | D:6      | Found Ocropis's Antique Armour Boutique.
  4828 | D:6      | Reached skill level 9 in Unarmed Combat
  4828 | D:6      | Reached XP level 9. HP: 84/84 MP: 8/8
  5318 | D:7      | Identified a scroll of acquirement
  5325 | D:7      | Acquired a manual of Unarmed Combat
  5477 | D:7      | Reached skill level 1 in Stealth
  5508 | D:7      | Reached skill level 10 in Unarmed Combat
  5540 | D:7      | Found a runed translucent door.
  5547 | D:7      | Noticed Nattfarinn's ghost (novice DsVM)
  5572 | D:7      | Found an opulent altar of Gozag.
  5771 | D:7      | Reached skill level 11 in Unarmed Combat
  5776 | D:7      | Noticed Maggie
  5790 | D:7      | Reached ***** piety under Trog
  5796 | D:7      | Killed Maggie
  5797 | D:7      | Reached XP level 10. HP: 46/94 MP: 9/9
  6180 | D:8      | Reached skill level 12 in Unarmed Combat
  6464 | D:8      | Reached skill level 5 in Fighting
  6514 | D:8      | Reached skill level 13 in Unarmed Combat
  6624 | D:8      | Reached skill level 1 in Armour
  6642 | D:8      | Noticed Amaemon
  6643 | D:8      | Noticed an orange demon
  6651 | D:8      | Killed Amaemon
  6654 | D:8      | Killed an orange demon
  6691 | D:8      | Reached skill level 14 in Unarmed Combat
  6697 | D:8      | Reached XP level 11. HP: 93/104 MP: 10/10
  7000 | D:9      | Noticed a two-headed ogre
  7005 | D:9      | Killed a two-headed ogre
  7313 | D:9      | Noticed a boulder beetle
  7630 | D:9      | Reached skill level 15 in Unarmed Combat
  7669 | D:9      | Upgraded the game from 0.31-a0-256-g80acddb972 to
                  | 0.31-a0-267-g3fc6992b3b
  7674 | D:10     | Entered Level 10 of the Dungeon
  7713 | D:10     | Found a transporter.
  7887 | D:10     | Identified the +8 quarterstaff of the Dungeon {flame,
                  | Dex+7} (Trog gifted it to you on level 10 of the Dungeon)
  7887 | D:10     | Received a gift from Trog
  8031 | D:10     | Reached skill level 5 in Throwing
  8373 | D:11     | Found a frozen archway.
  8403 | IceCv    | Entered an ice cave
  8419 | IceCv    | Reached skill level 16 in Unarmed Combat
  8468 | IceCv    | Noticed a death yak
  8484 | IceCv    | Killed a death yak
  8777 | IceCv    | Noticed a death yak
  8787 | IceCv    | Killed a death yak
  8788 | IceCv    | Reached XP level 12. HP: 104/113 MP: 11/11
  8788 | IceCv    | Noticed a death yak
  8795 | IceCv    | Killed a death yak
  8860 | IceCv    | Noticed a frost giant
  8860 | IceCv    | Noticed a death yak
  8866 | IceCv    | Killed a death yak
  8882 | IceCv    | Killed a frost giant
  8883 | IceCv    | Reached skill level 17 in Unarmed Combat
  8883 | IceCv    | Reached skill level 5 in Shapeshifting
  9103 | IceCv    | Noticed a death yak
  9103 | IceCv    | Noticed a death yak
  9104 | IceCv    | Noticed a death yak
  9110 | IceCv    | Killed a death yak
  9112 | IceCv    | Killed a death yak
  9116 | IceCv    | Killed a death yak
  9127 | IceCv    | Noticed a death yak
  9133 | IceCv    | Killed a death yak
  9276 | D:11     | Found a staircase to the Orcish Mines.
  9484 | D:11     | Found a runed translucent door.
  9511 | D:11     | Found the +10 tower shield of Ignorance {rN+ Int-4}
  9523 | D:11     | Found a runed translucent door.
  9616 | D:11     | Found a staircase to the Lair.
  9697 | D:11     | Noticed Maurice
  9715 | D:11     | Killed Maurice
  9926 | Lair:1   | Entered Level 1 of the Lair of Beasts
 10139 | Lair:1   | Received a gift from Trog
 10140 | Lair:1   | Reached skill level 18 in Unarmed Combat
 10325 | Lair:1   | Reached XP level 13. HP: 117/122 MP: 12/12
 11025 | Lair:2   | Found a transporter.
 11058 | Lair:2   | Found a transporter.
 11142 | Lair:2   | Reached skill level 5 in Armour
 12015 | Lair:2   | Identified the +2 hat of the Moon {+Blink Will- Str+3 SInv}
 12625 | Lair:3   | Found a staircase to the Snake Pit.
 12909 | Lair:3   | Found a staircase to the Shoals.
 13512 | Lair:4   | Reached skill level 19 in Unarmed Combat
 13565 | Lair:4   | Reached XP level 14. HP: 118/133 MP: 13/13
 14088 | Lair:5   | Entered Level 5 of the Lair of Beasts
 14562 | Lair:5   | Found a viscous altar of Jiyva.
 14564 | Lair:5   | Found a staircase to the Slime Pits.
 15196 | Lair:5   | Identified the staff of Hard Scrabble {rPois rF+ Str+3
                  | Poison}
 15438 | D:12     | Received a gift from Trog
 15974 | D:12     | Found a runed translucent gate.
 15975 | D:12     | Found a runed translucent gate.
 15975 | D:12     | Found a runed translucent gate.
 15976 | D:12     | Noticed Jeileon's ghost (journeyman TrSh)
 16430 | D:13     | Reached skill level 20 in Unarmed Combat
 16458 | D:13     | Reached XP level 15. HP: 113/145 MP: 14/14
 16595 | D:13     | Found a portal to a secret trove of treasure.
 17426 | D:14     | Identified the +1 war axe "Isojel" {drain, Dex+2}
 17434 | D:14     | Found a gate to the Vaults.
 18180 | D:15     | Entered Level 15 of the Dungeon
 18278 | D:15     | Found a gate leading to a gauntlet.
 18287 | Gauntlet | Entered a Gauntlet
 18287 | Gauntlet | Found a transporter.
 18287 | Gauntlet | Found a transporter.
 18287 | Gauntlet | Found a transporter.
 18304 | Gauntlet | Found a transporter.
 18307 | Gauntlet | Found a transporter.
 18318 | Gauntlet | Found a transporter.
 18344 | Gauntlet | Found a transporter.
 18349 | Gauntlet | Found a transporter.
 18404 | Gauntlet | Found a transporter.
 18420 | Gauntlet | Found a transporter.
 18429 | Gauntlet | Found a transporter.
 18443 | Gauntlet | Found a transporter.
 18617 | Gauntlet | Identified the amulet of Hedonism {Spirit +Blink Will+}
 18671 | Gauntlet | Identified the ring of the Endless Ears {Fly rElec Int+3
                  | Dex-2}
 18691 | Gauntlet | Identified the +0 pair of boots of Hopscotch {+Inv rN+
                  | Will+++ Int-5}
 18989 | D:15     | Identified the ring "Roguydoj" {Fly rF+ Dex+3 Stlth+}
 19173 | D:15     | Found a staircase to the Depths.
 19521 | D:15     | Found a runed translucent gate.
 19522 | D:15     | Found a runed translucent gate.
 19522 | D:15     | Identified the +9 plate armour of Apathy {Str+3}
 19522 | D:15     | Noticed Wuim's ghost (adept OgEE)
 19523 | D:15     | Found a runed translucent gate.
 19528 | D:15     | Identified the ring of Woxablaope {rElec rN+ rCorr Dex+3}
 19736 | Orc:1    | Entered Level 1 of the Orcish Mines
 19893 | Orc:1    | Received a gift from Trog
 19914 | Orc:1    | Reached skill level 1 in Shields
 19983 | Orc:2    | Entered Level 2 of the Orcish Mines
 20003 | Orc:2    | Noticed Nessos
 20007 | Orc:2    | Killed Nessos
 20213 | Orc:2    | Found a staircase to the Elven Halls.
 20375 | Orc:2    | Found Sojoh's General Store.
 20637 | Orc:2    | Received a gift from Trog
 20684 | Orc:2    | Found Putips's General Store.
 20689 | Orc:2    | Bought a potion of heal wounds for 65 gold pieces
 20689 | Orc:2    | Bought a scroll of teleportation for 39 gold pieces
 21135 | Orc:2    | Found Gokhlae's Antique Weapon Shop.
 21149 | Orc:2    | Found Haott's Antique Armour Boutique.
 21491 | Snake:1  | Entered Level 1 of the Snake Pit
 21647 | Snake:1  | Reached XP level 16. HP: 93/156 MP: 15/15
 21719 | Snake:1  | Found Coesch's Jewellery Shoppe.
 21721 | Snake:1  | Found Ogolagru's Weapon Emporium.
 21723 | Snake:1  | Found Temosugo's Book Shoppe.
 21835 | Snake:1  | Bought a granite talisman for 1520 gold pieces
 21905 | Snake:1  | Noticed Mlioglotl
 21910 | Snake:1  | Killed Mlioglotl
 21913 | Snake:1  | Reached skill level 10 in Shapeshifting
 21936 | Snake:1  | Received a gift from Trog
 22566 | Snake:1  | Reached skill level 5 in Shields
 22690 | Snake:2  | Noticed Aizul
 22699 | Snake:2  | Killed Aizul
 23144 | Snake:2  | Reached skill level 21 in Unarmed Combat
 24351 | Snake:3  | Found a runed translucent gate.
 24351 | Snake:3  | Found a runed translucent gate.
 24353 | Snake:3  | Found an opulent altar of Gozag.
 24353 | Snake:3  | Found Plog's Assorted Antiques.
 24355 | Snake:3  | Found a runed translucent gate.
 24356 | Snake:3  | Noticed fly's ghost (adept DgDe)
 24398 | Snake:3  | Reached skill level 10 in Fighting
 24737 | Snake:4  | Entered Level 4 of the Snake Pit
 24738 | Snake:4  | Received a gift from Trog
 24910 | Snake:4  | Found Asecio's Assorted Antiques.
 24925 | Snake:4  | Bought a sparkling platinum ring for 160 gold pieces
 24925 | Snake:4  | Identified the ring of Nales {rN+ Int+3} (You bought it in
                  | a shop on level 4 of the Snake Pit)
 24925 | Snake:4  | Bought a scroll of teleportation for 96 gold pieces
 24925 | Snake:4  | Bought a scroll of blinking for 240 gold pieces
 25072 | Snake:4  | Reached skill level 10 in Dodging
 25104 | Snake:4  | Reached XP level 17. HP: 166/166 MP: 16/16
 25660 | Snake:4  | Received a gift from Trog
 25699 | Snake:4  | Got a serpentine rune of Zot
 26010 | Shoals:1 | Entered Level 1 of the Shoals
 26661 | Shoals:2 | Noticed Ilsuiw
 26672 | Shoals:2 | Killed Ilsuiw
 27061 | Shoals:2 | Noticed Donald
 27069 | Shoals:2 | Killed Donald
 27505 | Shoals:3 | Noticed Polyphemus
 27517 | Shoals:3 | Killed Polyphemus
 27558 | Shoals:3 | Identified the +1 rapier "Concordance" {freeze, rF+ Dex+3}
 27564 | Shoals:3 | Found Perulew's Distillery.
 27582 | Shoals:3 | Bought a potion of heal wounds for 75 gold pieces
 27597 | Shoals:3 | Acquired a manual of Fighting
 27612 | Shoals:3 | Identified the +7 lajatang of Terror {drain, Str+2 Dex+4}
 27655 | Shoals:3 | Found Ecivi's Armour Emporium.
 27816 | Shoals:3 | Reached XP level 18. HP: 153/179 MP: 17/17
 27936 | Shoals:3 | Found Tothre's Armour Shop.
 27979 | Shoals:3 | Acquired a manual of Shapeshifting
 28162 | Shoals:4 | Entered Level 4 of the Shoals
 28162 | Shoals:4 | Noticed Roxanne
 28169 | Shoals:4 | Killed Roxanne
 28200 | Shoals:4 | Identified the +11 flail of Dismemberment {flame, MP+9
                  | Dex+3}
 28235 | Shoals:4 | Noticed Bai Suzhen
 28240 | Shoals:4 | Killed Bai Suzhen
 28260 | Shoals:4 | Reached skill level 22 in Unarmed Combat
 28417 | Shoals:4 | Got a barnacled rune of Zot
 28704 | Shoals:4 | Received a gift from Trog
 28795 | Shoals:4 | Identified the +10 hand crossbow of Huimivux {flame, rElec
                  | rPois}
 29169 | Elf:1    | Entered Level 1 of the Elven Halls
 29169 | Elf:1    | You fall into a shaft and drop 1 floor!
 29181 | Elf:2    | Reached skill level 1 in Evocations
 29424 | Elf:2    | Paralysed by an air elemental for 1 turns
 29448 | Elf:2    | Acquired a manual of Shields
 29518 | Elf:2    | Found a runed translucent gate.
 29518 | Elf:2    | Found a runed translucent gate.
 29530 | Elf:2    | Found a runed translucent gate.
 29589 | Elf:2    | Found Caboqi's Antique Armour Shoppe.
 29612 | Elf:2    | Reached skill level 10 in Shields
 29811 | Elf:1    | Noticed Louise
 29825 | Elf:1    | Killed Louise
 29982 | Elf:1    | Received a gift from Trog
 30136 | Elf:1    | Reached XP level 19. HP: 174/192 MP: 18/18
 30505 | Elf:3    | Entered Level 3 of the Elven Halls
 30800 | Elf:3    | Reached ****** piety under Trog
 31017 | Elf:3    | Received a gift from Trog
 31068 | Abyss:2  | Cast into level 2 of the Abyss (a deep elf demonologist)
 31077 | Abyss:2  | Found a corrupted altar of Lugonu.
 31183 | Abyss:2  | Noticed a dread lich
 31185 | Abyss:2  | Killed a dread lich
 31326 | Elf:3    | Escaped the Abyss
 31428 | Elf:3    | Identified the +10 sling "Ultimatum" {flame, Fly Int+2}
 31440 | Elf:3    | Identified the staff of the Aged Coins {rF+ Conj}
 31524 | Elf:3    | Received a gift from Trog
 31581 | Elf:3    | Identified the staff "Cuagroin" {rC+ Dex+4 Ice}
 31646 | Elf:3    | Identified the ring "Xoug" {Contam rElec rC+++ MP+9}
 31718 | Elf:3    | Identified the amulet "Ziukk" {RegenMP rElec rF+}
 31724 | Elf:3    | Identified the staff "Nimelu Oserch" {rF+ rC+ MP+9 Dex+4
                  | Ice}
 32142 | Vaults:1 | Entered Level 1 of the Vaults
 32346 | Vaults:1 | HP: 13/358 [tengu reaver/bolt of acid (22)]
 32348 | Vaults:1 | HP: 3/350 [tengu reaver/bolt of negative energy (13)]
 32654 | Vaults:1 | Identified the +6 great mace of the Dove {spect, Fragile
                  | rElec rPois Str+5}
 32654 | Vaults:1 | Noticed Arghirug's ghost (adept HOFi)
 32655 | Vaults:1 | Found a transporter.
 32728 | Vaults:1 | Reached XP level 20. HP: 206/206 MP: 19/19
 33002 | Vaults:1 | Received a gift from Trog
 33264 | Vaults:1 | Reached skill level 23 in Unarmed Combat
 33459 | Vaults:1 | Found a transporter.
 33505 | Vaults:1 | Killed Arghirug's ghost
 33506 | Vaults:1 | Reached skill level 5 in Evocations
 33668 | Vaults:2 | Reached skill level 15 in Shapeshifting
 34215 | Vaults:2 | Reached skill level 15 in Fighting
 34437 | Vaults:2 | Paralysed by a floating eye for 3 turns
 34441 | Vaults:2 | Received a gift from Trog
 34821 | Vaults:3 | Reached XP level 21. HP: 167/218 MP: 20/20
 34880 | Vaults:3 | Found a staircase to the Crypt.
 35118 | Vaults:3 | Found Ralapait's Magic Scroll Boutique.
 35126 | Vaults:3 | Bought a scroll of teleportation for 39 gold pieces
 35126 | Vaults:3 | Bought a scroll of summoning for 123 gold pieces
 35126 | Vaults:3 | Bought a scroll of poison for 52 gold pieces
 35444 | Vaults:3 | Received a gift from Trog
 35655 | Vaults:4 | Found a huge runed gate.
 35655 | Vaults:4 | Found a huge runed gate.
 35655 | Vaults:4 | Found a huge runed gate.
 35655 | Vaults:4 | Found a huge runed gate.
 35655 | Vaults:4 | Found a huge runed gate.
 35655 | Vaults:4 | Found a huge runed gate.
 35655 | Vaults:4 | Found a huge runed gate.
 35656 | Vaults:4 | Found a huge runed gate.
 35656 | Vaults:4 | Found a huge runed gate.
 35656 | Vaults:4 | Found a huge runed gate.
 35660 | Vaults:4 | Found a huge runed gate.
 35660 | Vaults:4 | Found a huge runed gate.
 35660 | Vaults:4 | Found a huge runed gate.
 35660 | Vaults:4 | Found a huge runed gate.
 35660 | Vaults:4 | Found a huge runed gate.
 35661 | Vaults:4 | Found a huge runed gate.
 35662 | Vaults:4 | Found a huge runed gate.
 35663 | Vaults:4 | Found a huge runed gate.
 35664 | Vaults:4 | Found a huge runed gate.
 35672 | Vaults:4 | Found a huge runed gate.
 35672 | Vaults:4 | Found a huge runed gate.
 35672 | Vaults:4 | Found a huge runed gate.
 35672 | Vaults:4 | Found a huge runed gate.
 35672 | Vaults:4 | Found a huge runed gate.
 35672 | Vaults:4 | Found a huge runed gate.
 35673 | Vaults:4 | Found a huge runed gate.
 35674 | Vaults:4 | Found a huge runed gate.
 35675 | Vaults:4 | Found a huge runed gate.
 35683 | Vaults:4 | Found a huge runed gate.
 35683 | Vaults:4 | Found a huge runed gate.
 35683 | Vaults:4 | Found a huge runed gate.
 35683 | Vaults:4 | Found a huge runed gate.
 35683 | Vaults:4 | Found a huge runed gate.
 35683 | Vaults:4 | Found a huge runed gate.
 35684 | Vaults:4 | Found a huge runed gate.
 35685 | Vaults:4 | Found a huge runed gate.
 35707 | Vaults:4 | Noticed a dread lich
 35713 | Vaults:4 | Paralysed by a dread lich for 2 turns
 35718 | Vaults:4 | Killed a dread lich
 35725 | Vaults:4 | Reached skill level 15 in Shields
 35747 | Vaults:4 | Identified the ring "Nonit" {Ice +Blink Str-5 Int-2 Slay+4}
 36110 | Vaults:4 | Received a gift from Trog
 36718 | Depths:1 | Entered Level 1 of the Depths
 36769 | Depths:1 | Found a one-way gateway to a ziggurat.
 36862 | Depths:1 | Found a gateway to Hell.
 37366 | Depths:1 | Found a sparkling altar of Nemelex Xobeh.
 37500 | Depths:1 | Identified the +10 long sword "Ison Rucs" {flame, Fragile
                  | rF+++ rC+ Str+2}
 37601 | Depths:1 | Upgraded the game from 0.31-a0-267-g3fc6992b3b to
                  | 0.31-a0-278-g485e682e34
 37900 | Depths:2 | Found a one-way gate to the infinite horrors of the Abyss.
 37930 | Depths:2 | Noticed a caustic shrike
 37940 | Depths:2 | Killed a caustic shrike
 37944 | Depths:2 | Noticed a caustic shrike
 37948 | Depths:2 | Killed a caustic shrike
 37993 | Depths:2 | Noticed a caustic shrike
 37998 | Depths:2 | Killed a caustic shrike
 38573 | Depths:2 | Identified the +1 robe "Pummimm" {Harm rCorr Slay+3 SInv}
 38693 | Depths:2 | Noticed a juggernaut
 38694 | Depths:2 | Reached XP level 22. HP: 231/231 MP: 21/21
 38699 | Depths:2 | Killed a juggernaut
 38700 | Depths:2 | Reached skill level 24 in Unarmed Combat
 38702 | Depths:2 | Received a gift from Trog
 38878 | Depths:2 | Found a one-way gate leading to the halls of Pandemonium.
 39083 | Depths:3 | Paralysed by a sphinx for 2 turns
 39095 | Depths:2 | Reached skill level 10 in Throwing
 39170 | Depths:3 | Identified the staff "Yssoil" {Fragile rC+ Will- MP+9 Str+8
                  | Ice}
 39445 | Depths:3 | Found the brooch of Shielding {Spirit SH+8}
 39520 | Depths:3 | Identified the ring of Ikhlub {Ice Will++}
 39520 | Depths:3 | Noticed Josephina
 39531 | Depths:3 | Killed Josephina
 39600 | Depths:3 | Noticed the Enchantress
 39620 | Depths:3 | Killed the Enchantress
 39627 | Depths:3 | Noticed a golden dragon
 39645 | Depths:3 | HP: 13/300 [golden dragon/bolt of cold (51)]
 39647 | Depths:3 | Killed from afar by a deep troll earth mage

Illustrated notes

Levels and vault maps discovered:
D:1:      matt_arrival_diagonals, layout_basic, minivault_4
D:2:      layout_rooms, lexackson_kobold_supper
D:3:      layout_rooms, wander_ebering_terrifying_dragon_lair, uniq_natasha
D:4:      layout_loops_ring, minmay_temple_entry_tees, serial_shops,
          nicolae_square_shop, portal_sewer_entry_f, grunt_decor_junction,
          uniq_robin, uniq_crazy_yiuf_cottage
D:5:      layout_loops_ring, uniq_menkaure, uniq_grinder
D:6:      layout_gridville, serial_shops, shop, minmay_ruffians
D:7:      layout_basic, nicolae_gozag_seed_capital,
          ebering_ghost_reflecting_pool, uniq_maggie
D:8:      kb_forest_paths, layout_rooms, grunt_decor_fettered, uniq_amaemon
D:9:      layout_loops_cross, onia_ninara_dug_in_and_dangerous
D:10:     layout_rooms, kennysheep_decorative_pillar, nicolae_diode_basic
D:11:     layout_basic, grunt_lair_entry_orc_guard_hut, erik_orc_2,
          portal_ice_cave_demonic_guard, chequers_guarded_unrand_ignorance,
          uniq_maurice
D:12:     layout_loops_ring, maelrawn_ghost_gauntlet_escape
D:13:     layout_loops_corners, nicolae_trove_entry_crossroad,
          corexii_hall_statues_l
D:14:     layout_stronghold, david_vaults_5, patterned_corridor
D:15:     grunt_enter_depths_snipers, layout_basic, biasface_ghost_orc_armoury,
          minivault_27, gauntlet_entry_generic
Lair:1:   layout_hall_layers, chequers_serial_rivers_small_3,
          infiniplex_staircase_pool, lemuel_fruit_tree, grunt_megastairs_5
Lair:2:   gammafunk_worm_tunnel, layout_loops_ring, minivault_19,
          grunt_megastairs_1
Lair:3:   layout_cellular_growth, elwin_shoals_entry_rocks,
          nicolae_snake_entry_squirm
Lair:4:   layout_layer_cave
Lair:5:   grunt_lair_end_beastmaster, layout_long_grid, dpeg_slime_entry_corner
Shoals:1: layout_shoals, nicolae_shoals_siren_and_animal_friends
Shoals:2: layout_shoals, nicolae_shoals_dead_sea_scrolls, uniq_ilsuiw,
          uniq_donald
Shoals:3: layout_shoals, serial_shops, nicolae_lakefront_shop,
          nicolae_shop_just_a_little_nook, shop, nicolae_shoals_sun_and_surf,
          uniq_polyphemus
Shoals:4: shoals_end_hangedman, layout_shoals, uniq_bai_suzhen, uniq_roxanne
Snake:1:  layout_cave_shapes, nicolae_snake_salamander_fort, minmay_shop_star,
          uniq_mlioglotl
Snake:2:  layout_honeycomb, uniq_aizul
Snake:3:  nrook_guardian_serpent_snake_passage, layout_grid_shapes,
          ebering_ghost_gozag
Snake:4:  snake_pit, layout_chambers, serial_shops, nicolae_shop_statue_plus
Orc:1:    layout_caves, kennysheep_orc_chapel
Orc:2:    grunt_orc_community_town_hall, layout_caves,
          grunt_orc_community_big_house_2, grunt_orc_community_big_house_2,
          grunt_orc_community_house_1, grunt_orc_community_house_1,
          grunt_orc_community_house_2, grunt_orc_community_house_1,
          grunt_orc_community_house_1, lemuel_statue_altar, minmay_orc_temple_a,
          uniq_nessos
Elf:1:    minmay_elf_arrival_circle, layout_geoelf_diagonals,
          minmay_elf_demonology, uniq_louise
Elf:2:    elven_hall_of_blades_hangedman_original
          [nicolae_blade_entry_pointy_end], layout_loops_cross, serial_shops,
          shop_statue
Elf:3:    minmay_elf_hall, layout_gridlike,
          nicolae_elf_vaults_five_recruitment_drive
Vaults:1: gammafunk_ghost_smash, v_misc_28, nicolae_vaults_octothorpe,
          nicolae_vaults_shipping_containers_1, nicolae_vaults_angled_halls,
          nicolae_vaults_alarming, nicolae_vaults_cochlea,
          nicolae_vaults_puzzle_piece, nicolae_vaults_heart-shaped_vault,
          grunt_vaults_twisty, layout_vaults_big_cross
Vaults:2: v_pattern_2, nicolae_vaults_steering_wheel,
          nicolae_vaults_more_shelving_2, nicolae_vaults_storage_closets_3,
          hangedman_vaults_trim, nicolae_vaults_little_ls,
          nicolae_vaults_stairing_the_circle, nicolae_vaults_prndl,
          nicolae_vaults_offset_grid_hallway_4, vaults_room_fancy_cross,
          ontoclasm_vaults_shout, ontoclasm_vaults_fault, vaults_room_pools,
          layout_vaults_maze_bifur
Vaults:3: nicolae_vaults_turnstiles, nicolae_vaults_sesquioval_fish,
          minmay_crypt_entry_simple_statues, vaults_room_boxed,
          hangedman_vaults_nails, nicolae_vaults_trapezoid_1,
          ontoclasm_vaults_shuriken, nicolae_vaults_apartment_1,
          nicolae_vaults_security_offices_3, v_misc_25, hangedman_vaults_unwind,
          nicolae_vaults_trapezoid_1, nicolae_vaults_tangram_1,
          nicolae_vaults_six-pack, layout_vaults_omnibox, serial_shops, shop
Vaults:4: nicolae_vaults_network_square, nicolae_vaults_circle_grid_b,
          door_vault, vaults_room_pool, nicolae_vaults_triangles,
          nicolae_vaults_storage_room_doors, hangedman_vaults_slice,
          nicolae_vaults_three_branches, nicolae_vaults_storage_room_statues,
          vaults_room_fours, nicolae_vaults_apartment_1,
          nicolae_vaults_yaktaur_gun_rack, layout_vaults_big_room
Depths:1: layout_honeycomb, enter_ziggurat_f, grunt_mini_vestibule,
          abandoned_shop, minivault_16, nemelex_diamond_rough_becter,
          serial_bayou_shore_a
Depths:2: nzn_winding_woodlands_small [nzn_winding_woodlands_5x15_cabin,
          nzn_winding_woodlands_center_diamonds,
          nzn_winding_woodlands_5x15_default], layout_honeycomb, abyss_entry,
          chequers_serial_rivers_room_a, grunt_hell_entry_dis_mu,
          rand_demon_pan_entry_7
Depths:3: minmay_ambush_box, layout_gridlike, abyss_entry,
          grunt_pan_entry_sceptre, pf_vacation_house_of_asmodeus,
          minmay_stone_trees_medium, infiniplex_staircase_hallway_doors,
          uniq_josephina, uniq_margery, uniq_enchantress

Skill      XL: |  1  2  3  4  5  6  7  8  9 10 11 12 13 14 15 16 17 18 19 20 21 22 |
---------------+-------------------------------------------------------------------+-----
Dodging        | 3 4 5 6 7 8 9 10 11 12 | 12.9
Unarmed Combat | 4 5 6 7 9 11 14 16 18 19 20 21 22 23 24 | 24.2
Fighting       | 3 4 5 6 7 8 9 10 11 12 14 15 16 | 16.2
Shapeshifting  | 1 2 3 4 5 6 8 9 10 11 13 14 15 16 | 16.9
Throwing       | 1 3 4 5 6 7 8 9 10 | 10.2
Stealth        | 1 2 3 |  3.9
Armour         | 2 3 4 5 6 |  6.4
Shields        | 3 6 8 10 12 14 15 | 15.7
Evocations     | 1 4 5 6 |  6.6

Action                     |  1- 3 |  4- 6 |  7- 9 | 10-12 | 13-15 | 16-18 | 19-21 | 22-24 || total
---------------------------+-------+-------+-------+-------+-------+-------+-------+-------++-------
  Melee: Unarmed           |   121 |   155 |   196 |   487 |   923 |   844 |   799 |   116 ||  3641
         Punch             |       |       |     9 |    29 |    83 |       |     8 |       ||   129
         Maw               |       |       |       |       |   149 |       |       |       ||   149
         Tailslap          |       |       |       |       |       |       |     7 |       ||     7
         Bite              |       |       |       |       |       |       |     4 |       ||     4
  Throw: Stone             |       |     1 |       |    15 |    56 |       |       |       ||    72
         Boomerang         |       |       |       |    12 |    20 |    73 |    27 |       ||   132
         Javelin           |       |       |       |       |     4 |     2 |    20 |       ||    26
         Large rock        |       |       |       |       |    11 |       |    19 |       ||    30
         Dart              |       |       |       |       |    15 |     1 |     3 |       ||    19
 Invoke: Berserk           |       |       |     1 |     4 |     4 |     6 |     4 |     3 ||    22
         Brothers in Arms  |       |       |       |     2 |    10 |    12 |     6 |     2 ||    32
         Trog's Hand       |       |       |       |     1 |     3 |     5 |     3 |     1 ||    13
Ability: Breathe Fire      |       |       |       |       |       |       |     3 |       ||     3
         Blinkbolt         |       |       |       |       |       |       |     2 |       ||     2
  Evoke: Lightning rod     |       |       |       |       |       |     4 |     4 |       ||     8
         Piece from Xom's  |       |       |       |       |       |    13 |     4 |       ||    17
         Condenser vane    |       |       |       |       |       |       |     3 |       ||     3
         Phantom mirror    |       |       |       |       |       |       |     1 |       ||     1
    Use: Scroll            |       |    12 |     4 |     6 |    16 |    13 |     2 |     2 ||    55
         Potion            |       |     5 |       |     2 |     1 |     4 |     2 |     4 ||    18
   Stab: Sleeping          |       |       |     1 |       |     1 |     3 |     7 |     1 ||    13
         Distracted        |       |       |       |       |     1 |       |     2 |       ||     3
         Confused          |       |       |       |       |       |       |     1 |       ||     1
 Armour: Animal skin       |    53 |    60 |    68 |       |       |       |       |       ||   181
         Swamp dragon scal |       |       |       |   255 |   164 |       |       |       ||   419
         Skin              |       |       |       |     1 |    95 |   397 |   348 |    80 ||   921
  Dodge: Dodged            |    79 |    84 |   108 |   242 |   513 |   550 |   396 |    60 ||  2032
  Block: Tower shield      |       |       |       |       |   204 |  1255 |  1111 |   168 ||  2738
   Form: Maw               |       |       |       |       |     2 |     1 |       |       ||     3
                           |       |       |       |       |     2 |       |     1 |       ||     3
         Statue            |       |       |       |       |       |     2 |     3 |       ||     5
         Anaconda          |       |       |       |       |       |     1 |       |       ||     1
         Dragon            |       |       |       |       |       |       |     1 |       ||     1
         Storm             |       |       |       |       |       |       |     1 |       ||     1

Table legend: (Time is in decaauts)
 A = Elapsed time spent in this place.
 B = Non-inter-level travel time spent in this place.
 C = Inter-level travel time spent in this place.
 D = Time resting spent in this place.
 E = Time spent auto-exploring this place.
 F = Levels seen in this place.
 G = Mean time per level.
                   A        B        C        D        E       F      G
               +--------+--------+--------+--------+--------+-----+--------+
         Total |  47214 |  42879 |   4335 |   3791 |  29814 |  44 | 1073.0 |
       Dungeon |  13277 |  11926 |   1351 |    772 |   8988 |  15 |  885.1 |
          Lair |   6036 |   4982 |   1054 |   1204 |   2867 |   5 | 1207.2 |
        Shoals |   4189 |   3754 |    435 |     47 |   2685 |   4 | 1047.2 |
     Snake Pit |   5851 |   5266 |    585 |    176 |   4104 |   4 | 1462.8 |
  Orcish Mines |   1648 |   1515 |    133 |    260 |    852 |   2 |  824.0 |
   Elven Halls |   3668 |   3409 |    259 |    203 |   2162 |   3 | 1222.7 |
        Vaults |   6343 |   5932 |    411 |    281 |   4245 |   4 | 1585.8 |
        Depths |   4163 |   4059 |    104 |    139 |   3302 |   3 | 1387.7 |
         Abyss |    372 |    372 |      0 |      3 |    255 |   1 |  372.0 |
         Sewer |    436 |    436 |      0 |    262 |     50 |   1 |  436.0 |
      Ice Cave |    786 |    786 |      0 |    440 |    118 |   1 |  786.0 |
      Gauntlet |    440 |    440 |      0 |      0 |    184 |   1 |  440.0 |
               +--------+--------+--------+--------+--------+-----+--------+

Top non-repeatable levels by time:
Depths:2: 2179 daAuts
Vaults:1: 1982 daAuts
  Lair:3: 1888 daAuts
  Lair:2: 1728 daAuts
 Snake:1: 1728 daAuts
   Elf:3: 1691 daAuts
 Snake:4: 1658 daAuts
Vaults:4: 1537 daAuts
Vaults:2: 1481 daAuts
    D:11: 1475 daAuts
Vaults:3: 1342 daAuts
 Snake:2: 1332 daAuts
Depths:1: 1217 daAuts
   Elf:1: 1188 daAuts
    D:14: 1185 daAuts
